 Dungeon Crawl Stone Soup version 0.30-a0-845-g7c6808c8ce (webtiles) character file.

Game seed: 14571799321703365820

305 Zonian the Shield-Bearer (level 6, 0/33 HPs)
             Began as a Vine Stalker Fighter on Mar 3, 2023.
             Slain by Crazy Yiuf
             ... wielding a +4 quarterstaff of chaos
              (5 damage)
             ... on level 3 of the Dungeon.
             The game lasted 00:04:57 (1958 turns).

Zonian the Shield-Bearer (Vine Stalker Fighter)     Turns: 1958, Time: 00:04:58

Health: 0/33       AC:  6    Str: 20    XL:     6   Next: 39%
Magic:  0/7        EV:  9    Int:  8    God:
Gold:   110        SH:  0    Dex: 14    Spells: 5/5 levels left

rFire   . . .      SeeInvis .      - Unarmed
rCold   . . .      Faith    .    b - +0 buckler
rNeg    . . .      Spirit   +    a - +0 scale mail
rPois   .          Reflect  .    (no helmet)
rElec   .          Rampage  .    (no cloak)
rCorr   .                        (no gloves)
Will    .....                    (no boots) Stlth
                                 (no amulet)
HPRegen 1.05/turn                k - ring of wizardry
MPRegen 0.10/turn                (no ring)

@: confused, mighty, lethally poisoned (0 -> -10)
A: fangs 2, regeneration 1, magic shield, antimagic bite, no potion heal 2
a: no special abilities


You were on level 3 of the Dungeon.
You visited 1 branch of the dungeon, and saw 3 of its levels.

You collected 110 gold pieces.

Inventory:

Hand Weapons
 m - a +1 dagger of electrocution
Missiles
 d - 6 poisoned darts (quivered)
Armour
 a - a +0 scale mail (worn)
 b - a +0 buckler (worn)
 p - a +2 robe of the Archmagi
Jewellery
 k - a ring of wizardry (left hand)
Scrolls
 e - 3 scrolls of teleportation {unknown}
 h - a scroll of enchant armour {unknown}
 i - 2 scrolls of identify {unknown}
 q - a scroll of immolation {unknown}
Potions
 c - a potion of might
 f - a potion of lignification {unknown}
 g - a potion of magic {unknown}
 j - a potion of attraction {unknown}
 l - a potion of flight {unknown}
 n - a potion of cancellation {unknown}
 o - a potion of mutation {unknown}


   Skills:
 + Level 3.9 Fighting
 + Level 3.5 Armour
 + Level 3.9 Shields
 + Level 3.6 Unarmed Combat


You had 5 spell levels left.
You didn't know any spells.
Your spell library contained the following spells:

 Spells                   Type           Power      Damage    Failure   Level
 Magic Dart               Conj           0%         1d3       52%         1
 Searing Ray              Conj           0%         2d4       65%         2
 Portal Projectile        Hex/Tloc       0%         N/A       86%         3
 Tukima's Dance           Hex            0%         N/A       86%         3
 Fulminant Prism          Conj/Hex       0%         3d5       99%         4
 Blade Hands              Tmut           0%         N/A       100%        5
 Yara's Violent Unravell  Hex/Tmut       0%         3d3       100%        5
 Enfeeble                 Hex            0%         N/A       100%        7


Dungeon Overview and Level Annotations

Branches:
Dungeon (3/15)

Altars:

Shops:
D:3 ([

Annotations:
D:3 Crazy Yiuf


Innate Abilities, Weirdness & Mutations

You have extremely sharp teeth.
Your natural rate of healing is unusually fast.
When hurt, damage is shared between your health and your magic reserves.
Your bite disrupts and absorbs the magic of your enemies.
Potions cannot restore your health.


Message History

You hit Grinder.
Grinder is almost dead.
The rat closely misses you. Grinder barely misses you.
You hit Grinder. You bite Grinder.
You kill Grinder!
The rat bites you but does no damage.
You have reached level 5!
You have reached level 6!
You punch the rat!
You kill the rat!
You start resting.
HP restored.
You start resting.
Magic restored.
q - a scroll labelled GUCRYM ISAGURYOKH
There is an open door here.
Found a hammer.
Found a runed translucent door.
Crazy Yiuf shouts!
Press: ? - help, v - describe, . - travel
Here: Crazy Yiuf, wielding a +4 quarterstaff of chaos and wearing a +1 cloak of poison resistance (fire blocked by a runed translucent door)
The floor.
You open the door.
Crazy Yiuf cries, "Millenium!
Whiteboard mobile forty-two."
You barely miss Crazy Yiuf. You block Crazy Yiuf's attack.
You punch Crazy Yiuf! Your bite misses Crazy Yiuf.
Crazy Yiuf is heavily wounded.
Crazy Yiuf hits you with a +4 quarterstaff of chaos!
You are confused.
You bump into the stone wall.
Crazy Yiuf hits you with a +4 quarterstaff of chaos!
You are poisoned.
You bump into the rock wall.
You feel very sick.
Crazy Yiuf hits you with a +4 quarterstaff of chaos.
You are lethally poisoned!
You bump into the rock wall.
* * * LOW HITPOINT WARNING * * *
You feel very sick.
Crazy Yiuf hits you with a +4 quarterstaff of chaos!
You die...

.. ##### ...
#..)# ###..
#...#
####(.. ...
#....# #g#
#.#..## ##@#
.<.≈≈≈##
#.##
.[~~≈≈≈#
##.#
....∩≈≈###
#.##
##~~~≈≈....#
##.##
###≈≈≈..####
#...## #
###.###
#.PP.#
####>.##
#'..+#
.....†.####
##....#


You could see Crazy Yiuf.

Vanquished Creatures
  Grinder (D:3)
  Jessica (D:3)
  Robin (D:2)
  2 adders (D:2)
  2 worms (D:2)
  A dart slug (D:1)
  4 ball pythons
  3 bats
  3 endoplasms
  9 goblins (D:2)
  6 hobgoblins
  2 jackals (D:2)
  3 kobolds (D:1)
  3 quokkas
  2 frilled lizards (D:1)
  5 rats
48 creatures vanquished.

Vanquished Creatures (others)
  A fungus (D:3)
  2 plants (D:3)
3 creatures vanquished.

Grand Total: 51 creatures vanquished

Notes
Turn   | Place    | Note
-------+----------+-------------------------------------------
     0 | D:1      | Zonian the Vine Stalker Fighter began the quest for the
                  | Orb.
     0 | D:1      | Reached XP level 1. HP: 11/11 MP: 2/2
   123 | D:1      | Reached XP level 2. HP: 16/16 MP: 1/3
   597 | D:2      | Reached XP level 3. HP: 20/20 MP: 4/4
   693 | D:2      | HP: 1/20 [poisoned by an adder]
  1340 | D:2      | Noticed Robin
  1384 | D:2      | Killed Robin
  1387 | D:2      | Gained mutation: Your natural rate of healing is unusually
                  | fast. [Vine Stalker growth]
  1387 | D:2      | Reached XP level 4. HP: 5/24 MP: 1/5
  1736 | D:3      | Found Bigext's Weapon Shop.
  1782 | D:3      | Found Meodug's Armour Shoppe.
  1792 | D:3      | Noticed Jessica
  1800 | D:3      | Killed Jessica
  1867 | D:3      | Noticed Grinder
  1893 | D:3      | Paralysed by Grinder for 4 turns
  1904 | D:3      | Killed Grinder
  1905 | D:3      | Reached XP level 5. HP: 24/29 MP: 4/6
  1905 | D:3      | Reached XP level 6. HP: 27/33 MP: 4/7
  1949 | D:3      | Found a runed translucent door.
  1950 | D:3      | Noticed Crazy Yiuf
  1958 | D:3      | Slain by Crazy Yiuf

Illustrated notes

Levels and vault maps discovered:
D:1:      psy_arrival_dodecagon, layout_basic
D:2:      layout_basic, minivault_23, uniq_robin
D:3:      layout_rooms, nicolae_gozag_cash_rules_everything_around_me,
          serial_shops, shop, nicolae_shop_waterfront, shop, chequers_big_river,
          minmay_misc_feat_tower, amcnicky_mini_pool_small, uniq_grinder,
          uniq_crazy_yiuf_cottage, uniq_jessica

Skill      XL: |  1  2  3  4 |
---------------+-------------+-----
Fighting       | 3 |  3.9
Shields        | 3 |  3.9
Armour         | 3 |  3.5
Unarmed Combat | 3 |  3.6

Action                     |  1- 3 |  4- 6 || total
---------------------------+-------+-------++-------
  Melee: Unarmed           |    96 |    75 ||   171
         Bite              |    23 |    19 ||    42
    Use: Potion            |       |     1 ||     1
 Armour: Scale mail        |    40 |    23 ||    63
  Dodge: Dodged            |    39 |    25 ||    64
  Block: Buckler           |    17 |    15 ||    32

Table legend: (Time is in decaauts)
 A = Elapsed time spent in this place.
 B = Non-inter-level travel time spent in this place.
 C = Inter-level travel time spent in this place.
 D = Time resting spent in this place.
 E = Time spent auto-exploring this place.
 F = Levels seen in this place.
 G = Mean time per level.
                   A        B        C        D        E       F      G
               +--------+--------+--------+--------+--------+-----+--------+
         Total |   1958 |   1939 |     19 |    406 |   1089 |   3 |  652.7 |
       Dungeon |   1958 |   1939 |     19 |    406 |   1089 |   3 |  652.7 |
               +--------+--------+--------+--------+--------+-----+--------+

Top non-repeatable levels by time:
     D:2: 1204 daAuts
     D:1: 531 daAuts
     D:3: 223 daAuts
